 Dungeon Crawl Stone Soup version 0.17-a0-1133-gfb1399f (webtiles) character file.

126 Fluffy the Skirmisher (level 5, -1/47 HPs)
             Began as a Hill Orc Fighter on May 25, 2015.
             Was an Initiate of Okawaru.
             Slain by Grinder (3 damage)
             ... on level 3 of the Dungeon.
             The game lasted 00:04:02 (2021 turns).

Fluffy the Skirmisher (Hill Orc Fighter)            Turns: 2021, Time: 00:04:02

Health: -1/47      AC:  7    Str: 19    XL:     5   Next: 10%
Magic:  5/5        EV:  7    Int:  8    God:    Okawaru [......]
Gold:   104        SH:  9    Dex: 11    Spells: 0 memorised, 4 levels left

rFire  . . .     SeeInvis .     a - +0 war axe
rCold  . . .     Clarity  .     b - +0 scale mail
rNeg   . . .     SustAt   .     c - +0 shield
rPois  .         Gourm    .     (no helmet)
rElec  .         Spirit   .     (no cloak)
rCorr  .         Warding  .     (no gloves)
rMut   .         Stasis   .     (no boots)
MR     .....                    (no amulet)
Stlth  ..........               (no ring)
                                (no ring)

@: lethally poisoned (-1 -> -15), not resistant to hostile enchantments,
extremely unstealthy
A: no striking features
a: Renounce Religion


You were on level 3 of the Dungeon.
You worshipped Okawaru.
Okawaru was noncommittal.
You were very hungry.

You visited 1 branch of the dungeon, and saw 3 of its levels.

You collected 104 gold pieces.

Inventory:

Hand weapons
 a - a +0 war axe (weapon)
Armour
 b - a +0 scale mail (worn)
 c - a +0 shield (worn)
Magical devices
 s - a wand of magic darts (27)
Scrolls
 f - a scroll of enchant weapon {unknown}
 h - a scroll of blinking {unknown}
 i - a scroll of fear {unknown}
 j - 2 scrolls of remove curse {unknown}
 k - 3 scrolls of teleportation {unknown}
 m - 3 scrolls of identify {unknown}
 o - a scroll of random uselessness {unknown}
 p - a scroll of immolation {unknown}
 r - a scroll of fog {unknown}
Potions
 d - 2 potions of might
Comestibles
 e - 3 bread rations
 g - a slice of pizza
 n - 3 meat rations
 t - a fruit


   Skills:
 + Level 4.7 Fighting
 + Level 4.5 Axes
 + Level 4.3 Armour
 - Level 3.2 Shields
 + Level 1.1 Invocations


You had 4 spell levels left.
You didn't know any spells.

Dungeon Overview and Level Annotations

Branches:
Dungeon (3/15)

Altars:
Ashenzari
Dithmenos
Makhleb
Okawaru
Ru
The Shining One

Annotations:
D:3 Grinder


Message History

Grinder is moderately wounded.
Grinder closely misses you.
You hit Grinder.
Grinder is heavily wounded.
You block Grinder's attack. Grinder hits you!
* * * LOW HITPOINT WARNING * * *
You writhe in agony.
* * * LOW HITPOINT WARNING * * *
Drink which item? (? for menu, Esc to quit)
It was a potion of curing.
You feel better. Grinder hits you.
* * * LOW HITPOINT WARNING * * *
You writhe in agony.
* * * LOW HITPOINT WARNING * * *
Drink which item? (? for menu, Esc to quit)
It was a potion of poison.
That liquid tasted very nasty...
You are lethally poisoned!
* * * LOW HITPOINT WARNING * * *
You feel sick. Grinder hits you.
You die...

.... #... #>.####
###.....# #.......#
#.##...#######
#........#...#
###...##.#.#.#
#.....@5.#.#.# #
#.#..##..#.#.#
#.#.#.....##.#.#
#.#...#........#.#
.......<.....###.#
.##...##.##......##
..................###
.#..#..#.#.#........#
#. #......######.#.#


You could see Grinder.

Vanquished Creatures
  A hound (D:2)
  4 adders
  3 worms (D:2)
  2 giant geckos
  2 giant cockroaches
  4 hobgoblins
  3 jackals (D:2)
  A quokka (D:2)
  A ball python (D:1)
  6 bats
  3 giant newts (D:1)
  2 goblins
  2 kobolds
  25 rats
  3 toadstools (D:1)
62 creatures vanquished.

Vanquished Creatures (others)
  A toadstool (D:1)
1 creature vanquished.

Grand Total: 63 creatures vanquished

Notes
Turn   | Place    | Note
--------------------------------------------------------------
     0 | D:1      | Fluffy the Hill Orc Fighter began the quest for the Orb.
     0 | D:1      | Reached XP level 1. HP: 19/19 MP: 1/1
   155 | D:1      | Reached XP level 2. HP: 13/27 MP: 2/2
   735 | D:2      | Reached skill level 4 in Fighting
   737 | D:2      | Reached XP level 3. HP: 29/33 MP: 3/3
   912 | D:2      | Found a burning altar of Makhleb.
   922 | D:2      | Reached XP level 4. HP: 34/41 MP: 4/4
  1030 | D:2      | Found a sacrificial altar of Ru.
  1036 | D:2      | Found an iron altar of Okawaru.
  1036 | D:2      | Found a shadowy altar of Dithmenos.
  1037 | D:2      | Found a shattered altar of Ashenzari.
  1041 | D:2      | Found a glowing golden altar of the Shining One.
  1046 | D:2      | Became a worshipper of Warmaster Okawaru
  1426 | D:2      | Reached skill level 1 in Invocations
  1583 | D:2      | Reached XP level 5. HP: 26/47 MP: 5/5
  1990 | D:3      | Noticed Grinder
  1992 | D:3      | Paralysed by Grinder for 7 turns
  2003 | D:3      | Paralysed by Grinder for 3 turns
  2016 | D:3      | Paralysed by Grinder for 2 turns
  2021 | D:3      | HP: 2/47 [poison (a potion of poison)]
  2021 | D:3      | Slain by Grinder

Vault maps used:
D:1:      ldierk_water_garden, minmay_tree_intersection
D:2:      makhleb_blood_cavern_becter, minitemple, minmay_rat_hole
D:3:      hangedman_glass_teeth, uniq_grinder

Action                   |  1- 3 |  4- 6 || total
-------------------------+-------+-------++-------
Melee: War axe           |    96 |    95 ||   191
  Use: Potion            |     2 |     2 ||     4
  Eat: Chunk             |       |     3 ||     3
